 Dungeon Crawl Stone Soup version 0.26.0-16-gc1dbca0489 (webtiles) character file.

Game seed: 5972650404794630077

169 thiole the Sneak (level 5, -3/31 HPs)
             Began as an Octopode Hedge Wizard on Jan 20, 2021.
             Killed from afar by an orc wizard (7 damage)
             ... with a magic dart
             ... on level 4 of the Dungeon.
             The game lasted 00:03:44 (4215 turns).

thiole the Sneak (Octopode Hedge Wizard)            Turns: 4215, Time: 00:03:45

Health: -3/31      AC:  1    Str:  9    XL:     5   Next: 50%
Magic:  1/11       EV: 13    Int: 18    God:
Gold:   179        SH:  0    Dex: 11    Spells: 6/12 levels left

rFire    . . .     SeeInvis .   o - +1 dagger (protect)
rCold    . . .     Faith    .   (no shield)
rNeg     . . .     Spirit   .   b - +0 hat
rPois    .         Reflect  .   (no amulet)
rElec    .         Harm     .   j - ring of resist corrosion
rCorr    +         Rampage  .   n - ring of willpower
Will     +....                  (no ring)
Stlth    ++++......             (no ring)
HPRegen  0.10/turn              (no ring)
MPRegen  0.12/turn              (no ring)
                                (no ring)
                                (no ring)

@: no status effects
A: almost no armour, stealthy swim, amphibious, 8 rings, constrict 8, camouflage
1, gelatinous body 1
a: no special abilities


You were on level 4 of the Dungeon.
You visited 1 branch of the dungeon, and saw 4 of its levels.

You collected 179 gold pieces.

Inventory:

Hand Weapons
 a - a +0 dagger
 o - a +1 dagger of protection (weapon)
Missiles
 p - 103 stones
Armour
 b - a +0 hat (worn)
Jewellery
 j - a ring of resist corrosion (left tentacle)
 n - a ring of willpower (right tentacle)
Scrolls
 c - a scroll of remove curse {unknown}
 g - a scroll of fog {unknown}
 i - a scroll of fear {unknown}
 l - 2 scrolls of magic mapping {unknown}
 m - a scroll of blinking {unknown}
 q - 2 scrolls of identify
 r - a scroll of teleportation {unknown}
 s - 2 scrolls of enchant armour {unknown}
Potions
 d - 2 potions of heal wounds {unknown}
 e - 2 potions of curing {unknown}
 f - a potion of lignification {unknown}
 h - a potion of magic {unknown}
 k - a potion of flight {unknown}
 t - a potion of attraction {unknown}
 u - a potion of haste {unknown}


   Skills:
 - Level 2.0 Dodging
 + Level 5.2 Stealth
 + Level 4.1 Spellcasting
 - Level 2.0 Conjurations
 - Level 2.0 Summonings
 - Level 1.0 Translocations


You had 6 spell levels left.
You knew the following spells:

 Your Spells              Type           Power        Failure   Level
a - Magic Dart            Conj           40%          6%          1
b - Call Imp              Summ           10%          10%         2
c - Mephitic Cloud        Conj/Pois/Air  6%           32%         3

Your spell library contained the following spells:

 Spells                   Type           Power        Failure   Level
 Blink                    Tloc           N/A          14%         2
 Slow                     Hex            3%           22%         2
 Conjure Flame            Conj/Fire      7%           28%         3


Dungeon Overview and Level Annotations

Branches:
Dungeon (4/15)             Temple (0/1) D:4

Altars:
Kikubaaqudgha

Annotations:
D:3 2 transporters, Myro's ghost, weakling PaHu


Innate Abilities, Weirdness & Mutations

You cannot wear most types of armour.
You are very stealthy in the water. (Stealth+)
You are amphibious.
You can wear up to eight rings at the same time.
You can use your tentacles to constrict eight enemies at once.
Your skin changes colour to match your surroundings (Stealth+).
Your rubbery body absorbs attacks. (AC +1, EV +1)


Message History

The orc wizard is moderately wounded.
The orc priest shouts!
The orc priest calls upon Beogh to heal the orc wizard.
The orc wizard's wounds heal themselves!
The orc wizard hits you from afar with a +0 trident of flaming.
The orc wizard burns you.
The orc wizard hits you with a +0 trident of flaming!
The orc wizard burns you.
Found a staircase to the Ecumenical Temple.
You closely miss the orc wizard. Your grab misses the orc wizard.
The orc wizard misses you.
You completely miss the orc wizard. Your grab misses the orc wizard.
Your squeeze misses the orc wizard. The orc wizard closely misses you.
The orc wizard casts a spell at you. The magic dart hits you!
* * * LOW HITPOINT WARNING * * *
There is a stone staircase leading down here.
The orc wizard points at you and mumbles some strange words.
The magic dart hits you!
You die...

####+#.....#.##........
........ ..#...........
......# #.............
.....# #.............
....# #...####......
.†###...# #...#........#
.......#.# #...#........#
.>..##.)(###..)#........#
....#...@..'...+........'
...##.oo####...#........#
#.#....#.........####.##
..#.#....#.........# #.##
...).........).....####'##
#.#......................
#........................
#........................
#.................####.##


You could see an orc priest and an orc wizard (fast).

Vanquished Creatures
  A hound (D:4)
  4 adders
  A worm (D:2)
  4 dart slugs
  2 leopard geckos
  8 orcs
  2 bat zombies (D:2)
  7 giant cockroaches
  8 hobgoblins
  4 jackals (D:2)
  7 kobolds
  2 quokkas (D:2)
  3 ball pythons (D:2)
  4 bats (D:1)
  4 frilled lizards
  10 goblins
  8 rats
79 creatures vanquished.

Vanquished Creatures (others)
  6 plants (D:3)
6 creatures vanquished.

Grand Total: 85 creatures vanquished

Notes
Turn   | Place    | Note
-------+----------+-------------------------------------------
     0 | D:1      | thiole the Octopode Hedge Wizard began the quest for the
                  | Orb.
     0 | D:1      | Reached XP level 1. HP: 11/11 MP: 4/4
   202 | D:1      | Reached XP level 2. HP: 17/17 MP: 4/6
   495 | D:1      | Reached skill level 3 in Stealth
   786 | D:1      | Reached XP level 3. HP: 21/21 MP: 0/7
  1659 | D:2      | Found an ancient bone altar of Kikubaaqudgha.
  1918 | D:2      | Reached XP level 4. HP: 20/27 MP: 3/9
  2180 | D:2      | Reached skill level 4 in Stealth
  3076 | D:3      | Noticed Myro's ghost (weakling PaHu)
  3084 | D:3      | Identified the +0 spear of the New World {venom, *Slow
                  | rN+++ Str-4 Stlth+}
  3388 | D:3      | Found a transporter.
  3388 | D:3      | Found a transporter.
  3629 | D:3      | Reached XP level 5. HP: 31/31 MP: 5/10
  3891 | D:3      | Learned a level 2 spell: Call Imp
  3895 | D:3      | Learned a level 3 spell: Mephitic Cloud
  4081 | D:4      | Reached skill level 5 in Stealth
  4211 | D:4      | Found a staircase to the Ecumenical Temple.
  4215 | D:4      | Killed from afar by an orc wizard

Illustrated notes

Levels and vault maps discovered:
D:1:      lightli_arrival_maybe_door_vault, layout_basic
D:2:      layout_loops_cross, lemuel_zombie_altar_kikubaaqudgha
D:3:      layout_loops_ring, gammafunk_ghost_gnarly_gnolls,
          chequers_serial_rivers_micro_d, minmay_quadrilaterals
D:4:      layout_basic, nzn_wu_jian_council_hall, minmay_temple_entry_slanted,
          serial_shops, nicolae_shop_waterfront

Skill      XL: |  1  2  3  4  5 |
---------------+----------------+-----
Stealth        | 3 4 5 |  5.2
Summonings     | 2 |  2.0
Conjurations   | 2 |  2.0
Spellcasting   | 4 |  4.1
Dodging        | |  2.0
Translocations | |  1.0

Action                   |  1- 3 |  4- 6 || total
-------------------------+-------+-------++-------
Melee: Dagger            |    34 |    32 ||    66
       Constrict         |    11 |    11 ||    22
       Tentacles         |     4 |     3 ||     7
 Cast: Magic Dart        |    83 |    87 ||   170
  Use: Scroll            |       |     3 ||     3
 Stab: Sleeping          |       |     1 ||     1
Armor: Skin              |     4 |     2 ||     6
Dodge: Dodged            |    21 |    20 ||    41
